 Dungeon Crawl Stone Soup version 0.28.0-62-gf88900778d (webtiles) character file.

Game seed: 3883957184804058966

15738 cbfl8 the Cleaver (level 12, -3/108 HPs)
             Began as a Minotaur Berserker on Apr 19, 2023.
             Was a High Priest of Trog.
             Asphyxiated
             ... on level 13 of the Dungeon.
             The game lasted 00:11:09 (13970 turns).

cbfl8 the Cleaver (Minotaur Berserker)             Turns: 13970, Time: 00:11:10

Health: -3/108     AC: 16    Str: 22    XL:     12   Next: 3%
Magic:  11/11      EV: 12    Int:  4    God:    Trog [*****.]
Gold:   711        SH:  5    Dex: 15    Spells: 11/11 levels left

rFire   . . .      SeeInvis .   p - +0 battleaxe (freeze)
rCold   . . .      Faith    .   (shield currently unavailable)
rNeg    . . .      Spirit   .   I - +0 plate armour
rPois   .          Reflect  +   g - +2 hat
rElec   .          Harm     .   (no cloak)
rCorr   .          Rampage  .   (no gloves)
Will    .....                   (no boots)
Stlth   ..........              c - amulet of reflection
HPRegen 0.28/turn               j - +4 ring of evasion
MPRegen 0.12/turn               (no ring)

@: lethally poisoned (-3 -> -14), on berserk cooldown, slowed, very slow
A: horns 2, retaliatory headbutt
a: Renounce Religion, Berserk, Trog's Hand, Brothers in Arms


You were on level 13 of the Dungeon.
You worshipped Trog.
Trog was extremely pleased with you.
You visited 1 branch of the dungeon, and saw 13 of its levels.

You collected 735 gold pieces.
You spent 24 gold pieces at shops.

Inventory:

Hand Weapons
 k - a +2 broad axe of flaming
 p - a +0 battleaxe of freezing (weapon)
 G - a +2 vorpal broad axe
Missiles
 l - a throwing net
Armour
 g - a +2 hat (worn)
 I - a +0 plate armour (worn)
Jewellery
 c - an amulet of reflection (around neck)
 j - a +4 ring of evasion (left hand)
Wands
 o - a wand of digging (4)
 v - a wand of flame (41)
 y - a wand of acid (6) (quivered)
 C - a wand of iceblast (19)
 F - a wand of polymorph (3)
Scrolls
 d - a scroll of fog
 e - 3 scrolls of enchant armour
 f - 3 scrolls of noise
 i - 2 scrolls of blinking
 s - 2 scrolls of immolation
 u - 5 scrolls of teleportation
 w - a scroll of silence
 x - a scroll of brand weapon
 A - a scroll of fear
 B - a scroll of holy word {unknown}
Potions
 a - 2 potions of attraction {unknown}
 b - 2 potions of lignification {unknown}
 h - 6 potions of curing {unknown}
 n - 2 potions of heal wounds {unknown}
 q - a potion of cancellation {unknown}
 r - a potion of might {unknown}
 t - a potion of invisibility {unknown}
 z - a potion of resistance {unknown}
 E - 2 potions of magic {unknown}
 H - a potion of haste {unknown}
 K - a potion of degeneration {unknown}


   Skills:
 * Level 10.7 Fighting
 + Level 13.3 Axes
 + Level 9.5 Armour
 + Level 3.7 Dodging
 * Level 7.0 Stealth
 + Level 3.8 Shields
 * Level 7.5 Evocations


You had 11 spell levels left.
You didn't know any spells.
Your spell library was empty.

Dungeon Overview and Level Annotations

Branches:
Dungeon (13/15)            Temple (0/1) D:7            Lair (0/6) D:10
    Orc (0/2) D:12
 Vaults: D:13-14

Altars:
Cheibriados
Gozag
Kikubaaqudgha
Qazlal
Uskayaw
Vehumet
Xom
Zin

Shops:
D:3 ?

Portals:
Trove: D:13 (give +7 demon trident)

Annotations:
D:8 2 transporters, sigtrap's ghost, novice TrBe
D:13 Sonja


Innate Abilities, Weirdness & Mutations

You have a pair of horns on your head.
You reflexively headbutt those who attack you in melee.


Message History

Unknown command.
A red film seems to cover your vision as you go berserk!
You feel yourself moving faster!
You feel mighty!
You feel yourself speed up. You block Sonja's attack.
Sonja hits you with a +2 short sword of distortion.
* * * LOW HITPOINT WARNING * * *
Space warps horribly around you!
* * * LOW HITPOINT WARNING * * *
Sonja hits you but does no damage. Space warps horribly around you!
* * * LOW HITPOINT WARNING * * *
Sonja barely misses you. You block Sonja's attack. Sonja barely misses you.
You miss Sonja. You headbutt Sonja!
Sonja is moderately wounded.
Sonja closely misses you. Sonja barely misses you.
Sonja hits you but does no damage. Space warps around you.
* * * LOW HITPOINT WARNING * * *
You closely miss Sonja. Your headbutt misses Sonja.
Sonja is moderately wounded.
Sonja hits you with a +2 short sword of distortion.
* * * LOW HITPOINT WARNING * * *
Space warps around you.
* * * LOW HITPOINT WARNING * * *
Sonja hits you with a +2 short sword of distortion.
* * * LOW HITPOINT WARNING * * *
You blink.
You feel a strong urge to attack something.
You are no longer berserk.
You are exhausted.
You feel yourself slow down.
Found 24 arrows and 13 stones.
Sonja gestures wildly while chanting.
Sonja blinks!
Blink to where?
Press: ? - help, Dir - move target
As you read the scroll of blinking, it crumbles to dust.
Sonja throws a curare-tipped dart.
The curare-tipped dart hits you.
You are lethally poisoned!
You have difficulty breathing.
You die...

######## #..<...#
**################
#.####.#
,,.......§...K.§.###.#
*,*
**#####..#######@..#.#
*,* ****....(,,*
##.∩..†# *,*
,,...##.(,,* #......#
*,*
,*##,*#..,,***#..###.#
*,*
*,,,,*###*,,,.....,..#
*,* ,*,*,*
*,**###.###.#***,*******
**,*,*****,*** #.#
#..,,,,,,,,,,,
*,,,,,,,,,,,,* #.#
###***,,,,,,,*
*,,*********,* *,*
************,*


You could see Sonja.

Vanquished Creatures
  Frances (D:12)
  A boulder beetle (D:12)
  3 two-headed ogres
  A cyclops (D:12)
  Joseph (D:9)
  Maggie (D:9)
  A gargoyle (D:12)
  3 trolls
  5 slime creatures (D:12)
  2 shadows
  20 yaks
  2 wraiths
  A basilisk (D:13)
  Eustachio (D:6)
  2 vampire mosquitoes (D:12)
  2 acid dragons
  2 wargs (D:10)
  2 water moccasins
  Duvessa (D:5)
  3 orc warriors
  2 hornet zombies (D:7)
  2 sky beasts
  4 ogres
  2 black bears
  A necrophage (D:7)
  2 centaurs
  4 phantoms
  2 kobold brigands
  A bullfrog (D:8)
  A scorpion (D:4)
  2 wyvern zombies (D:7)
  A wyvern skeleton (D:6)
  Dowan (D:5)
  4 troll zombies (D:12)
  15 wights
  4 howler monkeys
  An electric eel (D:6)
  7 crimson imps (D:12)
  4 centaur zombies
  A hound (D:4)
  2 orc priests
  A bullfrog zombie (D:7)
  2 jellies
  A bullfrog skeleton (D:6)
  2 gnoll shamans
  A centaur skeleton (D:6)
  2 iguanas (D:5)
  Terence (D:3)
  9 orc wizards
  4 ogre zombies (D:12)
  A howler monkey zombie (D:9)
  Robin (D:3)
  10 gnolls
  2 adders (D:3)
  4 shadow imps
  2 white imps (D:7)
  An adder zombie (D:5)
  3 worms
  5 dart slugs
  19 orcs
  3 bats
  6 endoplasms
  A giant cockroach (D:1)
  14 goblins
  7 hobgoblins
  2 jackals (D:3)
  5 quokkas
  A ball python (D:2)
  7 frilled lizards
  3 goblin skeletons (D:12)
  3 goblin zombies (D:12)
  4 hobgoblin zombies (D:12)
  11 kobolds
  3 orc skeletons (D:12)
  12 orc zombies (D:12)
  7 rats
278 creatures vanquished.

Vanquished Creatures (others)
  A gnoll (D:6)
  54 plants (D:6)
55 creatures vanquished.

Grand Total: 333 creatures vanquished

Notes
Turn   | Place    | Note
-------+----------+-------------------------------------------
     0 | D:1      | cbfl8 the Minotaur Berserker began the quest for the Orb.
     0 | D:1      | Reached XP level 1. HP: 19/19 MP: 0/0
   169 | D:1      | Found a faded altar of an unknown god.
   426 | D:1      | Reached XP level 2. HP: 17/27 MP: 1/1
  1356 | D:2      | Reached XP level 3. HP: 28/34 MP: 2/2
  1429 | D:2      | Reached ** piety under Trog
  1432 | D:2      | Reached skill level 4 in Axes
  2247 | D:3      | Reached skill level 1 in Evocations
  2247 | D:3      | Reached XP level 4. HP: 32/41 MP: 3/3
  2457 | D:3      | Found Uxulois's Magic Scroll Boutique.
  2470 | D:3      | Bought a scroll of identify for 24 gold pieces
  2546 | D:3      | Noticed Terence
  2556 | D:3      | Killed Terence
  2732 | D:3      | Noticed Robin
  2750 | D:3      | Killed Robin
  2832 | D:3      | Reached *** piety under Trog
  2835 | D:3      | Reached XP level 5. HP: 46/47 MP: 4/4
  3134 | D:4      | Reached skill level 5 in Axes
  3261 | D:4      | Found a snail-covered altar of Cheibriados.
  3296 | D:4      | Reached skill level 5 in Fighting
  3296 | D:4      | Reached skill level 1 in Stealth
  3559 | D:4      | Found a shimmering altar of Xom.
  3669 | D:5      | Entered Level 5 of the Dungeon
  3721 | D:5      | Noticed an ogre
  3748 | D:5      | Killed an ogre
  3749 | D:5      | Reached XP level 6. HP: 56/56 MP: 5/5
  3891 | D:5      | Noticed a sky beast
  3904 | D:5      | Killed a sky beast
  3906 | D:5      | Reached skill level 6 in Axes
  3907 | D:5      | Reached XP level 7. HP: 61/61 MP: 6/6
  4037 | D:5      | Noticed Duvessa
  4037 | D:5      | Noticed Dowan
  4047 | D:5      | Killed Duvessa
  4048 | D:5      | Killed Dowan
  4246 | D:5      | Found a glowing silver altar of Zin.
  4246 | D:5      | Found an opulent altar of Gozag.
  4246 | D:5      | Found a stormy altar of Qazlal.
  4453 | D:5      | Reached skill level 1 in Shields
  4621 | D:6      | Reached skill level 5 in Armour
  4623 | D:6      | Reached skill level 7 in Axes
  4626 | D:6      | Reached XP level 8. HP: 58/70 MP: 7/7
  5097 | D:6      | Noticed Eustachio
  5106 | D:6      | Reached skill level 8 in Axes
  5142 | D:6      | Killed Eustachio
  5866 | D:6      | Reached XP level 9. HP: 60/78 MP: 8/8
  6319 | D:7      | Reached skill level 9 in Axes
  6457 | D:7      | Found a staircase to the Ecumenical Temple.
  6462 | D:7      | Reached **** piety under Trog
  6620 | D:7      | Reached skill level 5 in Evocations
  7005 | D:8      | Reached skill level 10 in Axes
  7618 | D:8      | Identified the +5 great mace of the Fulmar {vorpal, Int+3}
  7618 | D:8      | Noticed a two-headed ogre
  7618 | D:8      | Noticed sigtrap's ghost (novice TrBe)
  7619 | D:8      | Found a transporter.
  7622 | D:8      | Found a transporter.
  7891 | D:9      | Reached XP level 10. HP: 49/86 MP: 9/9
  8423 | D:9      | Noticed Joseph
  8428 | D:9      | Killed Joseph
  8842 | D:9      | Noticed Maggie
  8851 | D:9      | Killed Maggie
  8852 | D:9      | Reached skill level 11 in Axes
  8852 | D:9      | Reached skill level 5 in Stealth
  9741 | D:10     | Entered Level 10 of the Dungeon
  9911 | D:10     | Found a staircase to the Lair.
 10079 | D:10     | Noticed a two-headed ogre
 10088 | D:10     | Killed a two-headed ogre
 10089 | D:10     | Reached XP level 11. HP: 76/95 MP: 10/10
 10169 | D:10     | Found a hide-covered altar of Uskayaw.
 10237 | D:10     | Found an ancient bone altar of Kikubaaqudgha.
 10339 | D:10     | Reached skill level 12 in Axes
 10613 | D:10     | Found a radiant altar of Vehumet.
 11220 | D:11     | Noticed a two-headed ogre
 11223 | D:11     | Killed a two-headed ogre
 11223 | D:11     | Reached ***** piety under Trog
 11410 | D:11     | Noticed a two-headed ogre
 11414 | D:11     | Killed a two-headed ogre
 11846 | D:12     | Noticed Frances
 11861 | D:12     | Killed Frances
 12005 | D:12     | Noticed a boulder beetle
 12018 | D:12     | Killed a boulder beetle
 12493 | D:12     | Reached skill level 10 in Fighting
 12494 | D:12     | Reached skill level 13 in Axes
 13127 | D:12     | Received a gift from Trog
 13340 | D:12     | Found a staircase to the Orcish Mines.
 13491 | D:12     | Reached XP level 12. HP: 108/108 MP: 11/11
 13952 | D:13     | Noticed Sonja
 13954 | D:13     | Found a portal to a secret trove of treasure.
 13964 | D:13     | HP: 6/162 [Sonja/+2 short sword of distortion (3)]
 13970 | D:13     | Asphyxiated

Illustrated notes

Levels and vault maps discovered:
D:1:      dpeg_arrival_ratfight, layout_basic,
          ebering_ecumenical_altar_petrified
D:2:      layout_basic, minmay_misc_feat_secret_circle, serial_park_tiny_pond,
          minmay_misc_feat_cross
D:3:      layout_loops_ring, serial_shops, nicolae_shop_stone, minivault_19,
          uniq_robin, uniq_terence
D:4:      layout_rooms, kennysheep_mini, mainiacjoe_overflow_brackets
D:5:      layout_basic, gammafunk_temple_overflow_forgotten, uniq_duvessa
D:6:      layout_rooms, serial_bayou_lagoon_a, uniq_eustachio
D:7:      minmay_s_stair_smasher, layout_rooms, minmay_temple_entry_trees
D:8:      layout_loops_corners, gammafunk_ghost_smash
D:9:      layout_loops_cross, uniq_joseph, uniq_maggie
D:10:     layout_irregular_city, nicolae_uskayaw_murder_on_the_dancefloor,
          nicolae_vehumet_altar_sigil, lemuel_round_altar,
          erik_lair_orcish_takeover
D:11:     layout_loops_ring
D:12:     layout_loops_ring, zombieorc2_lemuel, minmay_nine_imps, uniq_frances
D:13:     layout_loops_ring, erik_vaults_2, gauntlet_entry_generic,
          enter_trove_1, uniq_snorg, uniq_sonja

Skill      XL: |  1  2  3  4  5  6  7  8  9 10 11 12 |
---------------+-------------------------------------+-----
Fighting       | 4 5 6 7 8 10 | 10.7
Axes           | 4 5 6 7 8 10 11 13 | 13.3
Evocations     | 1 2 3 4 5 6 7 |  7.5
Armour         | 3 4 5 6 7 8 9 |  9.5
Stealth        | 1 2 3 4 5 6 7 |  7.0
Shields        | 1 2 3 |  3.8
Dodging        | 3 |  3.7

Action                   |  1- 3 |  4- 6 |  7- 9 | 10-12 || total
-------------------------+-------+-------+-------+-------++-------
Melee: Hand axe          |    84 |    32 |       |       ||   116
       Headbutt          |    14 |    14 |    39 |    71 ||   138
       Punch             |     3 |       |       |       ||     3
       Battleaxe         |       |    57 |   158 |   273 ||   488
Invok: Berserk           |       |     3 |     2 |     7 ||    12
Evoke: Wand              |       |       |       |     3 ||     3
  Use: Scroll            |       |     6 |     9 |     5 ||    20
 Stab: Sleeping          |     1 |       |       |       ||     1
Armor: Animal skin       |     2 |       |       |       ||     2
       Scale mail        |    12 |    12 |       |       ||    24
       Chain mail        |       |     8 |    62 |    37 ||   107
       Plate armour      |       |       |       |    75 ||    75
Dodge: Dodged            |    45 |    63 |   101 |   167 ||   376
Block: Other             |       |    20 |    44 |    57 ||   121
       Reflection        |       |       |     5 |     4 ||     9
